 Dungeon Crawl Stone Soup version 0.31.0-1-g2c135a008e (webtiles) character file.

Game seed: 13461819312062480371

58 qw the Shooter (level 4, -1/35 HPs)
             Began as a Djinni Hunter on Jan 23, 2024.
             Slain by Natasha (6 damage)
             ... on level 2 of the Dungeon.
             The game lasted 00:00:04 (937 turns).

qw the Shooter (Djinni Hunter)                       Turns: 937, Time: 00:00:04

Health: -1/35      AC:  3    Str: 10    XL:     4   Next: 20%
Gold:   114        EV: 12    Int: 10    God:
                   SH:  0    Dex: 19

rFire   + + .        a - +0 shortbow
rCold   x . .        (shield currently unavailable)
rNeg    . . .        c - +0 leather armour
rPois   inf          (no helmet)
rElec   .            (no cloak)
rCorr   .            (no gloves)
SInv    .            (boots unavailable)
Will    .....        j - amulet of faith
Stlth   ++           (no ring)
HPRegen 0.25/turn    (no ring)
MPRegen 0.00/turn

%: faith, infuse magic (-2 HP)
@: flying
A: sickness immunity, fire resistance 2, cold vulnerability 1, float, innate
caster, HP casting, extra vitality 1
a: no special abilities


You were on level 2 of the Dungeon.
You visited 1 branch of the dungeon, and saw 2 of its levels.

You collected 114 gold pieces.


Innate Abilities, Weirdness & Mutations

You are immune to sickness and miasma.
You are immune to poison.
Your flesh is very heat resistant. (rF++)
You are vulnerable to cold. (rC-)
You float through the air rather than walking.
You learn spells naturally, not from books.
Your magical power is your life essence.
You have superior vitality. (+4 MHP)


   Skills:
 - Level 3.1 Fighting
 - Level 4.0 Ranged Weapons
 + Level 2.2 Dodging
 - Level 0.7 Stealth


You knew the following spells:

 Your Spells              Type           Power      Damage    Failure   Level
a - Sting                 Conj/Alch      0%         1d3       45%         1
Your spell library was empty.

Inventory:

Hand Weapons
 a - a +0 shortbow (weapon)
Armour
 c - a +0 leather armour (worn)
Jewellery
 j - an amulet of faith (around neck)
Potions
 b - a potion of might {unknown}
 e - a potion of curing

Dungeon Overview and Level Annotations

Branches:
Dungeon (2/15)

Altars:
Xom

Annotations:
D:2 Natasha


Message History

You hear an angry hiss.
Natasha, Servant of Life and Death comes into view.
You shoot an arrow. The arrow hits the hobgoblin.
The hobgoblin is severely wounded.
The hobgoblin throws a stone.
The stone hits you.
You shoot an arrow. The arrow barely misses the hobgoblin.
The hobgoblin throws a stone.
The stone hits you.
You shoot an arrow.
The arrow hits the hobgoblin but does no damage.
The hobgoblin is severely wounded.
You shoot an arrow. The arrow closely misses Natasha.
The arrow closely misses the hobgoblin.
Natasha casts a spell.
You shoot an arrow. The arrow closely misses Natasha.
The arrow hits the hobgoblin.
You kill the hobgoblin!
You shoot an arrow. The arrow hits Natasha.
Natasha is heavily wounded.
Natasha claws you.
You shoot an arrow. The arrow hits Natasha.
Natasha is almost dead.
The cerulean imp hits you from afar with a +1 spear.
Natasha claws you.
You shoot an arrow. The arrow closely misses Natasha.
The arrow hits the cerulean imp.
The cerulean imp is lightly wounded.
The cerulean imp hits you from afar with a +1 spear.
Natasha claws you.
You shoot an arrow. The arrow barely misses Natasha.
The arrow hits the cerulean imp.
The cerulean imp is moderately wounded.
The cerulean imp hits you from afar with a +1 spear.
Natasha claws you.
The cerulean imp hits you from afar with a +1 spear.
You shoot an arrow. The arrow barely misses Natasha.
The arrow hits the cerulean imp.
The cerulean imp is severely wounded.
Natasha claws you.
You die...
Natasha begins licking her fur clean.

#.# #.# ########
#####.######.......
#..........'.......
#...###.######)...... .
#.# #####... .
#.##########.##
....######............##
...>.5h@................
....####################
. # . .. ... ... . .


You could see Natasha and a cerulean imp (summoned).

Vanquished Creatures
  2 adders (D:2)
  4 ball pythons
  5 bats
  4 endoplasms
  A giant cockroach (D:1)
  A goblin (D:1)
  3 hobgoblins
  4 jackals (D:2)
  3 quokkas
  A frilled lizard (D:1)
  5 kobolds
  3 rats (D:2)
36 creatures vanquished.

Notes
Turn   | Place    | Note
-------+----------+-------------------------------------------
     0 | D:1      | qw the Djinni Hunter began the quest for the Orb.
     0 | D:1      | Reached XP level 1. HP: 18/18 MP: 0/0
     0 | D:1      | 0 ||| qw: Version: 0.3-a-134-g2ba4250
     0 | D:1      | 0 ||| qw: Game counter: 746
     0 | D:1      | 0 ||| qw: Melee chars always use a shield: true
     0 | D:1      | 0 ||| qw: God list: Okawaru
     0 | D:1      | 0 ||| qw: Allow faded altars: false
     0 | D:1      | 0 ||| qw: Do Orc after clearing Dungeon:15 true
     0 | D:1      | 0 ||| qw: Do second Lair branch before Depths: true
     0 | D:1      | 0 ||| qw: Lair rune preference: random
     0 | D:1      | 0 ||| qw: Goals: Normal
     0 | D:1      | 0 ||| PLANNING D:1-11
    51 | D:1      | Reached XP level 2. HP: 23/23 MP: 0/0
   314 | D:1      | 314 ||| UPGRADING to amulet of faith.
   319 | D:1      | 319 ||| READING scroll labelled DAHEWUH COME.
   320 | D:1      | 320 ||| READING scroll labelled ARRO SACVI.
   321 | D:1      | 321 ||| READING 2 scrolls labelled GITON ZOA.
   321 | D:1      | 321 ||| IDENTIFYING fizzy ruby potion
   322 | D:1      | 322 ||| READING scroll of identify.
   322 | D:1      | 322 ||| IDENTIFYING amethyst potion
   323 | D:1      | 323 ||| READING scroll labelled ILLEPSE KAEN.
   365 | D:1      | 365 ||| DROPPING scroll of butterflies.
   366 | D:1      | 366 ||| DROPPING potion of ambrosia.
   403 | D:2      | Found a shimmering altar of Xom.
   424 | D:2      | Reached skill level 4 in Ranged Weapons
   424 | D:2      | Reached XP level 3. HP: 28/28 MP: 0/0
   424 | D:2      | Learned a level 1 spell: Sting
   851 | D:2      | Reached skill level 3 in Fighting
   851 | D:2      | Reached XP level 4. HP: 35/35 MP: 0/0
   927 | D:2      | Noticed Natasha
   936 | D:2      | HP: 7/35 [Natasha (5)]
   937 | D:2      | Slain by Natasha

Levels and vault maps discovered:
D:1:      scummos_arrival_hexagon, layout_rooms
D:2:      layout_basic, basic_altar, uniq_natasha, uniq_terence

Skill      XL: |  1  2  3 |
---------------+----------+-----
Ranged Weapons | 4 |  4.0
Fighting       | 3 |  3.1
Dodging        | |  2.2
Stealth        | |  0.7

Action                     |  1- 3 |  4- 6 || total
---------------------------+-------+-------++-------
   Fire: Shortbow          |   119 |    11 ||   130
    Use: Scroll            |     5 |       ||     5
 Armour: Leather armour    |    44 |    11 ||    55
  Dodge: Dodged            |    57 |       ||    57

Table legend:
 A = Non-vault XP
 B = Vault XP
 C = Vault XP percentage of total XP
 D = Non-vault monster count
 E = Vault monster count
 F = Vault count percentage of total count
                 A         B        C        D         E       F
            +---------+---------+-------+---------+---------+-------
      Total |      83 |       0 |   0.0 |      36 |       0 |   0.0
            +---------+---------+-------+---------+---------+-------
        D:1 |      24 |       0 |   0.0 |      14 |       0 |   0.0
        D:2 |      59 |       0 |   0.0 |      22 |       0 |   0.0
            +---------+---------+-------+---------+---------+-------
